 Dungeon Sprint DCSS version 0.23-a0-635-g88ca12a (webtiles) character file.

0 Lanoc the Fighter (level 4, -1/46 HPs)
             Began as a Gnoll Wanderer on Dec 27, 2018.
             Was an Initiate of Okawaru.
             Slain by a wight
             ... wielding a +3 flail
              (9 damage)
             ... in the Dungeon (Sprint VI: "Thunderdome").
             The game lasted 00:02:58 (106 turns).

Lanoc the Fighter (Gnoll Wanderer)                   Turns: 106, Time: 00:02:59

Health: -1/46      AC:  2    Str: 16    XL:     4   Next: 46%
Magic:  8/8        EV: 12    Int: 16    God:    Okawaru [......]
Gold:   200        SH:  0    Dex: 12    Spells: 8/8 levels left

rFire    + . .     SeeInvis .   a - +2 hand axe
rCold    + . .     Gourm    .   (no shield)
rNeg     . . .     Faith    .   d - +0 robe
rPois    +         Spirit   .   (no helmet)
rElec    +         Reflect  .   (no cloak)
rCorr    +         Harm     .   (no gloves)
MR       .....     NoTele   +   (no boots)
Stlth    ++........             (no amulet)
HPRegen  0.15/turn              (no ring)
MPRegen  0.11/turn              (no ring)

@: resistant, drained
A: distributed training, fangs 1, strong nose
a: Renounce Religion


You were in the Dungeon.
You worshipped Okawaru.
Okawaru was noncommittal.
You were not hungry.

You visited 1 branch You collected 200 gold pieces.

Inventory:

Hand Weapons
 a - a +2 hand axe (weapon)
 c - a +0 short sword
Armour
 d - a +0 robe (worn)
Wands
 m - a wand of acid (5)
 n - a wand of iceblast (5)
Scrolls
 b - a scroll of teleportation
 k - 4 scrolls of blinking
 o - 3 scrolls of fog
Potions
 e - a potion of curing
 g - 2 potions of heal wounds
 h - 4 potions of haste
 i - 2 potions of magic
Comestibles
 f - a ration


   Skills:
 + Level 9.0(8.2) Fighting
 + Level 5.3(4.6) Short Blades
 + Level 2.6(2.0) Long Blades
 + Level 3.7(3.1) Axes
 + Level 2.6(2.0) Maces & Flails
 + Level 2.6(2.0) Polearms
 + Level 2.6(2.0) Staves
 + Level 2.6(2.0) Slings
 + Level 2.6(2.0) Bows
 + Level 2.6(2.0) Crossbows
 + Level 2.6(2.0) Throwing
 + Level 3.7(3.1) Armour
 + Level 2.6(2.0) Dodging
 + Level 2.6(2.0) Stealth
 + Level 3.7(3.1) Shields
 + Level 2.6(2.0) Unarmed Combat
 + Level 2.6(2.0) Spellcasting
 + Level 2.1(1.5) Conjurations
 + Level 2.1(1.5) Hexes
 + Level 2.1(1.5) Charms
 + Level 2.1(1.5) Summonings
 + Level 2.1(1.5) Necromancy
 + Level 2.1(1.5) Translocations
 + Level 2.1(1.5) Transmutations
 + Level 2.1(1.5) Fire Magic
 + Level 2.1(1.5) Ice Magic
 + Level 2.1(1.5) Air Magic
 + Level 2.1(1.5) Earth Magic
 + Level 2.1(1.5) Poison Magic
 + Level 3.0(2.3) Invocations
 + Level 3.7(3.1) Evocations


You had 8 spell levels left.
You didn't know any spells.
Your spell library was empty.

Dungeon Overview and Level Annotations

Branches:
Dungeon (1/1)

Altars:
Cheibriados
Dithmenos
Fedhas
Gozag
Kikubaaqudgha
Makhleb
Okawaru
Qazlal
Ru
Sif Muna
Trog
Uskayaw
Vehumet
Wu Jian
Xom
Yredelemnul
Zin
The Shining One
Beogh
Jiyva
Lugonu

Shops:
D *[%??*?*:[((!!!!


Innate Abilities, Weirdness & Mutations

Your experience applies equally to all skills.
You have very sharp teeth.
Your uncanny sense of smell can sniff out nearby items.


Message History

You hit the wight but do no damage. The wight hits you with a +3 flail!
You hit the wight.
The wight is lightly damaged.
The wight hits you with a +3 flail!
* * * LOW HITPOINT WARNING * * *
You feel drained.
* * * LOW HITPOINT WARNING * * *
You feel much better. The necrophage hits you.
You feel protected. The wight hits you with a +3 flail.
The necrophage barely misses you.
You closely miss the wight.
The wight is lightly damaged.
You hit the necrophage. The necrophage closely misses you.
The wight hits you with a +3 flail!
* * * LOW HITPOINT WARNING * * *
You hit the wight.
The wight is moderately damaged.
You hit the necrophage. The necrophage closely misses you.
The wight hits you with a +3 flail!
You die...

##∩___......###......___∩
###∩........8.# #.8........
#.............###..........
⌠..........###...###.......
⌠..........# #.<.# #.......
⌠..........###...###.......
#.............###..........
###∩......n.8.# #.8........
##∩....z@...###......___∩
######.8.........8.#####
#⌠...........⌠#
###.........### #_......._#
#_......._# #_†......_#
#∩.......∩# ##∩.....∩##


You could see a necrophage and a wight.

Vanquished Creatures
  A necrophage (D)
1 creature vanquished.

Notes
Turn   | Place    | Note
-------+----------+-------------------------------------------
     0 | D        | Lanoc the Gnoll Wanderer began the quest for the Orb.
     0 | D        | Lanoc set off with the following items: a +2 hand axe, a
                  | scroll of teleportation, a +0 short sword, a +0 robe, a
                  | potion of curing, a ration, a potion of heal wounds, a
                  | potion of haste, 2 potions of magic, a potion of berserk
                  | rage, a scroll of blinking
     0 | D        | Reached XP level 1. HP: 26/26 MP: 2/2
     3 | D        | Found a snail-covered altar of Cheibriados.
     3 | D        | Found a blossoming altar of Fedhas.
     4 | D        | Found a roughly hewn altar of Beogh.
     4 | D        | Found a radiant altar of Vehumet.
     5 | D        | Found a sacrificial altar of Ru.
     5 | D        | Round 1.
     6 | D        | Found Luihem's Delicious Food.
     6 | D        | Found Cupawauj's Identification Station.
     7 | D        | Found Owuif's Jewellery.
     7 | D        | Found Bimolush's Advanced Armour.
     9 | D        | Found a corrupted altar of Lugonu.
    10 | D        | Found Litawn's Magic Scroll Shop.
    11 | D        | Found a basalt altar of Yredelemnul.
    11 | D        | Found a burning altar of Makhleb.
    11 | D        | Found a stormy altar of Qazlal.
    11 | D        | Found Zitsyvak's Staff Store.
    11 | D        | Found Kodoin's Magic Scroll Shop.
    11 | D        | Found Biryaf's Must-Have Magic.
    11 | D        | Noticed a necrophage
    15 | D        | Found a bloodstained altar of Trog.
    16 | D        | Found a glowing golden altar of the Shining One.
    17 | D        | Found an opulent altar of Gozag.
    18 | D        | Found Sereryuk's Distillery.
    19 | D        | Found Wecid's Distillery.
    19 | D        | Found Egesaloxt's Bottled Wisdom.
    20 | D        | Found a deep blue altar of Sif Muna.
    20 | D        | Found an ancient bone altar of Kikubaaqudgha.
    20 | D        | Found a hide-covered altar of Uskayaw.
    20 | D        | Found Umeomn's Do-It-Yourself Clinic.
    24 | D        | Found a glowing silver altar of Zin.
    25 | D        | Found an ornate altar of the Wu Jian Council.
    26 | D        | Found a shimmering altar of Xom.
    27 | D        | Found Kiofijo's Weapon Rack.
    28 | D        | Found a viscous altar of Jiyva.
    28 | D        | Found a shadowy altar of Dithmenos.
    28 | D        | Found an iron altar of Okawaru.
    28 | D        | Found Aptoshreimi's Premium Goods.
    28 | D        | Found Jameaxul's Basic Armour.
    28 | D        | Found Kag Kisch's Miscellaneous Merchandise.
    42 | D        | Killed a necrophage
    42 | D        | Reached skill level 9 in Fighting
    42 | D        | Reached skill level 5 in Short Blades
    42 | D        | Reached XP level 2. HP: 8/34 MP: 2/5
    42 | D        | Reached XP level 3. HP: 9/39 MP: 2/7
    42 | D        | Reached XP level 4. HP: 11/46 MP: 2/8
    47 | D        | Became a worshipper of Warmaster Okawaru
    97 | D        | Noticed a necrophage
   106 | D        | Slain by a wight

Vault maps used:
D:        arena_sprint

Skill      XL: |  1 |
---------------+----+-----
Fighting       | 9 |  9.0
Short Blades   | 5 |  5.3
Long Blades    | 2 |  2.6
Axes           | 3 |  3.7
Maces & Flails | 2 |  2.6
Polearms       | 2 |  2.6
Staves         | 2 |  2.6
Slings         | 2 |  2.6
Bows           | 2 |  2.6
Crossbows      | 2 |  2.6
Throwing       | 2 |  2.6
Armour         | 3 |  3.7
Dodging        | 2 |  2.6
Stealth        | 2 |  2.6
Shields        | 3 |  3.7
Unarmed Combat | 2 |  2.6
Spellcasting   | 2 |  2.6
Conjurations   | 2 |  2.1
Hexes          | 2 |  2.1
Charms         | 2 |  2.1
Summonings     | 2 |  2.1
Necromancy     | 2 |  2.1
Translocations | 2 |  2.1
Transmutations | 2 |  2.1
Fire Magic     | 2 |  2.1
Ice Magic      | 2 |  2.1
Air Magic      | 2 |  2.1
Earth Magic    | 2 |  2.1
Poison Magic   | 2 |  2.1
Invocations    | 3 |  3.0
Evocations     | 3 |  3.7

Action                   |  1- 3 |  4- 6 || total
-------------------------+-------+-------++-------
Melee: Hand axe          |     6 |     6 ||    12
       Bite              |     2 |       ||     2
  Use: Potion            |     1 |     3 ||     4
Dodge: Dodged            |     2 |     4 ||     6

Table legend:
 A = Non-vault XP
 B = Vault XP
 C = Vault XP percentage of total XP
 D = Non-vault monster count
 E = Vault monster count
 F = Vault count percentage of total count
                 A         B        C        D         E       F
            +---------+---------+-------+---------+---------+-------
      Total |     121 |       0 |   0.0 |       1 |       0 |   0.0
            +---------+---------+-------+---------+---------+-------
          D |     121 |       0 |   0.0 |       1 |       0 |   0.0
            +---------+---------+-------+---------+---------+-------
